 Dungeon Crawl Stone Soup version 0.25-a0-35-g747a2b3c0c (webtiles) character file.

Game seed: 11598339600984596004, levelgen mode: deterministic

45 Arixos the Skirmisher (level 3, 0/29 HPs)
             Began as a Demonspawn Monk on Oct 18, 2019.
             Succumbed to an adder's poison
             ... on level 2 of the Dungeon.
             The game lasted 00:02:43 (939 turns).

Arixos the Skirmisher (Demonspawn Monk)              Turns: 939, Time: 00:02:44

Health: 0/29       AC:  2    Str: 12    XL:     3   Next: 42%
Magic:  3/3        EV: 13    Int: 15    God:
Gold:   46         SH:  0    Dex: 15    Spells: 2/2 levels left

rFire    . . .     SeeInvis .   c - +0 war axe
rCold    . . .     Gourm    .   (no shield)
rNeg     . . .     Faith    .   a - +0 robe
rPois    .         Spirit   .   (no helmet)
rElec    .         Reflect  .   (no cloak)
rCorr    .         Harm     .   (no gloves)
MR       .....                  (no boots)
Stlth    ++........             (no amulet)
HPRegen  0.09/turn              d - +4 ring of intelligence
MPRegen  0.08/turn              (no ring)

@: lethally poisoned (0 -> -5), hasted, very quick
A: hooves 1, rot immunity
a: no special abilities


You were on level 2 of the Dungeon.
You were not hungry.

You visited 1 branch of the dungeon, and saw 2 of its levels.

You collected 46 gold pieces.

Inventory:

Hand Weapons
 c - a +0 war axe (weapon)
Armour
 a - a +0 robe (worn)
Jewellery
 d - a +4 ring of intelligence (left hand)
Comestibles
 b - 2 rations
 f - 3 chunks of flesh


   Skills:
 + Level 3.5 Fighting
 + Level 1.4 Armour
 + Level 3.2 Dodging
 - Level 1.7 Stealth
 - Level 2.6 Unarmed Combat


You had 2 spell levels left.
You didn't know any spells.
Your spell library was empty.

Dungeon Overview and Level Annotations

Branches:
Dungeon (2/15)

Altars:


Innate Abilities, Weirdness & Mutations

You have large cloven feet.
You are immune to rotting.


Message History

You see here a rat corpse.
You butcher the rat corpse.
Things that are here:
a chunk of flesh; a rat skeleton
* * * LOW HITPOINT WARNING * * *
You feel sick.
You see here an adder corpse.
You butcher the adder corpse.
Things that are here:
a chunk of flesh; an adder skeleton You see here an adder corpse.
You butcher the adder corpse.
* * * LOW HITPOINT WARNING * * *
You feel sick.
Things that are here:
2 chunks of flesh; an adder skeleton
There is a lethal amount of poison in your body!
Unknown command.
Unknown command.
You die...

#....########..# ...
#....#.........##
...##....#..........#
....................#
........<........#..#
....................#
...........%........##
#.....(..)%.........#
#.....@...%.......#)##
...................#..##
..........####.....#.>..
...######## #........###
.. #........... .
#.......##.. #.......#
## ###########'##
#.........#.#


There were no monsters in sight!

Vanquished Creatures
  3 adders (D:2)
  2 giant cockroaches (D:1)
  2 goblins (D:1)
  2 hobgoblins
  2 jackals (D:1)
  2 kobolds (D:1)
  2 bats
  4 rats
19 creatures vanquished.

Notes
Turn   | Place    | Note
-------+----------+-------------------------------------------
     0 | D:1      | Arixos the Demonspawn Monk began the quest for the Orb.
     0 | D:1      | Reached XP level 1. HP: 18/18 MP: 1/1
   288 | D:1      | Gained mutation: You have large cloven feet. [demonic
                  | ancestry]
   288 | D:1      | Reached XP level 2. HP: 10/24 MP: 2/2
   812 | D:2      | Reached skill level 1 in Armour
   916 | D:2      | Gained mutation: You are immune to rotting. [demonic
                  | ancestry]
   916 | D:2      | Reached XP level 3. HP: 20/29 MP: 3/3
   935 | D:2      | HP: 1/29 [poisoned by an adder]
   939 | D:2      | Succumbed to an adder's poison

Levels and vault maps discovered:
D:1:      dpeg_arrival_orchard, layout_basic
D:2:      layout_basic, nicolae_underground_beach

Skill      XL: |  1  2 |
---------------+-------+-----
Armour         | 1 |  1.4
Dodging        | 3 |  3.2
Fighting       | |  3.5
Stealth        | |  1.7
Unarmed Combat | |  2.6

Action                   || total
-------------------------++-------
Melee: Unarmed           ||    58
       War axe           ||    10
       Kick              ||     5
  Use: Potion            ||     3
 Stab: Sleeping          ||     1
Armor: Robe              ||    15
Dodge: Dodged            ||    55

Table legend:
 A = Non-vault XP
 B = Vault XP
 C = Vault XP percentage of total XP
 D = Non-vault monster count
 E = Vault monster count
 F = Vault count percentage of total count
                 A         B        C        D         E       F
            +---------+---------+-------+---------+---------+-------
      Total |      65 |       0 |   0.0 |      19 |       0 |   0.0
            +---------+---------+-------+---------+---------+-------
        D:1 |      20 |       0 |   0.0 |      13 |       0 |   0.0
        D:2 |      45 |       0 |   0.0 |       6 |       0 |   0.0
            +---------+---------+-------+---------+---------+-------
